 Dungeon Crawl Stone Soup version 0.31-a0-222-gefeffbb62a (webtiles) character file.

Game seed: 6864165775942180339

2438 WitchBelial the Grave Robber (level 9, -4/56 (61) HPs)
             Began as a Vampire Necromancer on July 5, 2023.
             Slain by a wight
             ... wielding a +3 halberd
              (10 damage)
             ... on level 7 of the Dungeon.
             The game lasted 01:00:48 (7568 turns).

WitchBelial the Grave Robber (Vampire Necromancer)  Turns: 7568, Time: 01:00:49

HP:   -4/56 (61)    AC: 10    Str: 17    XL:     9   Next: 25%
MP:   17/17         EV: 13    Int: 22    God:
Gold: 170           SH:  0    Dex: 15    Spells: 17/18 levels left

rFire   . . .        U - +9 battleaxe of a bazaar {drain, Fragile rC++ Int+5}
rCold   + + .        (shield currently unavailable)
rNeg    . . .        i - +4 ring mail
rPois   .            g - +1 hat
rElec   .            I - scarf {shadows}
rCorr   .            (no gloves)
SInv    +            (no boots)
Will    +....        t - amulet of magic regeneration
Stlth   ++           X - +6 ring of strength
HPRegen 0.49/turn    w - ring of willpower
MPRegen 0.55/turn

%: no passive effects
@: healing quickly, drained
A: alive, fangs 3, see invisible, vampiric 2
a: Exsanguinate


You were on level 7 of the Dungeon.
You visited 1 branch of the dungeon, and saw 7 of its levels.
You also visited: Sewer and Ossuary.

You collected 400 gold pieces.
You spent 230 gold pieces at shops.

Inventory:

Hand Weapons
 n - a +1 mace
 q - a +4 hand axe
 r - a +1 morningstar
 v - a +1 falchion of protection
 E - a +0 trident
 F - a +0 rapier
 J - a +0 giant spiked club
 K - a +3 dagger of holy wrath
 L - a +0 heavy mace
 M - a +2 heavy hand axe
 U - the +9 battleaxe of a bazaar (weapon) {drain, Fragile rC++ Int+5}
   (You bought it in a shop on level 7 of the Dungeon)

   Int:       It affects your intelligence (+5).
   rC:        It greatly protects you from cold.
   Fragile:   It will be destroyed if unequipped.
Missiles
 d - 13 poisoned darts (quivered)
 f - 6 javelins
 j - 79 stones
 o - 2 throwing nets
Armour
 g - a +1 hat (worn)
 i - a +4 ring mail (worn)
 H - a +0 kite shield
 I - a scarf of shadows (worn)
 Y - a +0 leather armour of fire resistance
Jewellery
 a - a ring of fire
 l - an amulet of guardian spirit
 t - an amulet of magic regeneration (around neck)
 w - a ring of willpower (right hand)
 y - an amulet of the acrobat
 X - a +6 ring of strength (left hand)
Scrolls
 c - a scroll of immolation
 e - 4 scrolls of teleportation
 m - a scroll of poison
 u - a scroll of butterflies
 x - a scroll of fog
 O - a scroll of blinking
 S - a scroll of vulnerability
 T - 2 scrolls of revelation
 V - a scroll of fear
Potions
 b - 3 potions of curing {unknown}
 h - 2 potions of haste {unknown}
 k - a potion of attraction {unknown}
 p - 3 potions of enlightenment
 s - a potion of mutation
 z - 2 potions of invisibility {unknown}
 A - a potion of berserk rage {unknown}
 B - 2 potions of might {unknown}
 C - a potion of brilliance {unknown}
 D - 2 potions of degeneration {unknown}
 G - 2 potions of ambrosia {unknown}
 N - 2 potions of cancellation {unknown}
 P - 3 potions of magic
 Q - a potion of experience {unknown}
 R - a potion of resistance {unknown}
 Z - 2 potions of lignification {unknown}


   Skills:
 + Level 2.3 Fighting
 + Level 5.3 Long Blades
 + Level 1.2(1.9) Axes
 + Level 1.9(2.1) Maces & Flails
 + Level 3.6 Armour
 + Level 5.2 Dodging
 + Level 3.9 Stealth
 + Level 0.5 Shields
 + Level 5.3 Spellcasting
 + Level 7.4 Necromancy
 + Level 0.3 Evocations


You had 17 spell levels left.
You knew the following spells:

 Your Spells              Type           Power      Damage    Failure   Level
a - Necrotise             Necr           100%       1d9       1%          1

Your spell library contained the following spells:

 Spells                   Type           Power      Damage    Failure   Level
 Vampiric Draining        Necr           38%        2d8       2%          3
 Animate Dead             Necr           38%        N/A       9%          4
 Agony                    Necr           38%        N/A       22%         5
 Static Discharge         Conj/Air       10%        2-3/arc   26%         2
 Portal Projectile        Hex/Tloc       10%        N/A       45%         3
 Tukima's Dance           Hex            5%         N/A       45%         3
 Airstrike                Air            2%         2d(1-17)  86%         4
 Leda's Liquefaction      Hex/Erth       2%         N/A       86%         4
 Summon Lightning Spire   Summ/Air       5%         N/A       86%         4
 Blade Hands              Tmut           2%         N/A       99%         5
 Lee's Rapid Deconstruct  Erth           2%         3d5*      99%         5
 Leda's Unmaking          Conj/Erth      2%         9d1       100%        6
 Statue Form              Tmut/Erth      3%         N/A       100%        6


Dungeon Overview and Level Annotations

Branches:
Dungeon (7/15)             Temple (0/1) D:7           Sewer (visited)
Ossuary (visited)

Altars:
Wu Jian

Shops:
D:1 =   D:5 :   D:7 *


Innate Abilities, Weirdness & Mutations

Your natural rate of healing is accelerated.
You have razor-sharp teeth.
You have supernaturally acute eyesight. (SInv)
You are afflicted with vampirism and can become a bat while bloodless.


Message History

The wight hits you with a +3 halberd. The water moccasin barely misses you.
The wight closely misses you.
You slice the water moccasin!!
You kill the water moccasin!
The wight hits you from afar with a +3 halberd.
The wight barely misses you.
Your life force feels restored.
The wight hits you with a +3 halberd.
You feel drained.
You slash the wight!
The wight is almost destroyed.
The wight hits you with a +3 halberd!
* * * LOW HITPOINT WARNING * * *
You feel drained.
* * * LOW HITPOINT WARNING * * *
The wight attacks as you move away! The wight misses you.
The wight hits you from afar with a +3 halberd!
* * * LOW HITPOINT WARNING * * *
The wight misses you. The wight misses you.
Blink to where?
Press: ? - help, Dir - move target
As you read the scroll of blinking, it crumbles to dust.
Casting: Necrotise (safe; 1% risk of failure)
Confirm with . or Enter, or press ? or * to list all spells.
You can't see any susceptible monsters within range! (Use Z to cast anyway.) Unknown command.
As you read the scroll of fear, it crumbles to dust.
You assume a fearsome visage.
The wight is unaffected.
The wight misses you.
Casting: Necrotise (safe; 1% risk of failure)
Confirm with . or Enter, or press ? or * to list all spells.
You can't see any susceptible monsters within range! (Use Z to cast anyway.) Unknown command.
The wight hits you with a +3 halberd.
* * * LOW HITPOINT WARNING * * *
You feel drained.
* * * LOW HITPOINT WARNING * * *
The wight attacks as you move away! The wight closely misses you.
The wight hits you from afar with a +3 halberd!
You die...

##### #######
....#####.....#########
....#...#.....#........
....#...#.....#........
....#...#.....#........
....#...#.....#.@....#####
........#.....#......##...
....#.†.#.....#.z.........
....#...#.....#...........
....#...#.....#......>....
....###.#...).#...........
....#...#.....#...........
....#...#.....#....)......
....#.........#.[.........


You could see a wight.

Vanquished Creatures
  A wyvern (D:4)
  A water moccasin (D:7)
  2 ice beasts (D:7)
  An ogre (D:7)
  A phantom (D:5)
  A centaur (D:6)
  A kobold brigand (D:7)
  3 scorpions
  2 wights (D:7)
  4 howler monkeys
  6 bullfrog zombies (Ossuary)
  3 centaur zombies (Ossuary)
  3 hounds
  5 jellies
  Jessica (D:2)
  A sleepcap (D:4)
  2 orc wizards
  A killer bee zombie (Ossuary)
  2 howler monkey zombies (Ossuary)
  16 mummies (Ossuary)
  A gnoll (D:4)
  A river rat (Sewer)
  4 adders
  An ufetubus (D:4)
  A dart slug (D:4)
  21 orcs
  11 endoplasms
  10 giant cockroaches
  8 goblins
  4 hobgoblins
  2 jackals (D:2)
  4 quokkas
  9 ball pythons
  3 bats (D:3)
  6 frilled lizards
  12 kobolds
  A quokka zombie (D:6)
  8 rats
164 creatures vanquished.

Vanquished Creatures (collateral kills)
  A scorpion (D:4)
  An adder (D:4)
  An orc (D:5)
  A bat (D:2)
  A giant cockroach (D:5)
  A jackal (D:2)
  A kobold (D:1)
  A quokka (D:4)
  2 frilled lizards
10 creatures vanquished.

Grand Total: 174 creatures vanquished

Notes
Turn   | Place    | Note
-------+----------+-------------------------------------------
     0 | D:1      | WitchBelial the Vampire Necromancer began the quest for the
                  | Orb.
     0 | D:1      | Reached XP level 1. HP: 13/13 MP: 3/3
   151 | D:1      | Found Xeechuam's Jewellery Boutique.
   392 | D:1      | Reached XP level 2. HP: 6/19 MP: 5/5
  1007 | D:2      | Reached skill level 5 in Necromancy
  1108 | D:2      | Gained mutation: You are afflicted with vampirism and can
                  | become a bat while bloodless. [Vampire growth]
  1108 | D:2      | Reached XP level 3. HP: 24/24 MP: 6/6
  1739 | D:2      | Noticed Jessica
  1758 | D:2      | Killed Jessica
  1759 | D:2      | Reached XP level 4. HP: 15/30 MP: 1/8
  2587 | D:3      | Found a faded altar of an unknown god.
  3178 | D:4      | Noticed a wyvern
  3183 | D:4      | Reached XP level 5. HP: 34/35 MP: 4/10
  3301 | D:4      | Killed a wyvern
  3302 | D:4      | Reached skill level 1 in Armour
  3302 | D:4      | Reached skill level 6 in Necromancy
  3302 | D:4      | Reached XP level 6. HP: 29/42 MP: 4/12
  3536 | D:4      | Reached skill level 1 in Fighting
  4224 | D:5      | Entered Level 5 of the Dungeon
  4291 | D:5      | Found a glowing drain.
  4324 | Sewer    | Entered a sewer
  4519 | Sewer    | Reached XP level 7. HP: 36/48 MP: 11/14
  4528 | Sewer    | Found a shimmering altar of Xom.
  4536 | Sewer    | Reached skill level 1 in Long Blades
  4659 | Sewer    | HP: 2/48 [acid (6)]
  4797 | D:5      | Found Valoimid's Book Boutique.
  5212 | D:5      | Found an ornate altar of the Wu Jian Council.
  5274 | D:5      | Reached skill level 5 in Spellcasting
  5662 | D:6      | Reached skill level 7 in Necromancy
  6059 | D:6      | Found a sand-covered staircase.
  6067 | Ossuary  | Entered an ossuary
  6086 | Ossuary  | Reached XP level 8. HP: 54/54 MP: 15/15
  6810 | D:6      | Reached skill level 5 in Long Blades
  7005 | D:7      | Found a staircase to the Ecumenical Temple.
  7113 | D:7      | Found Cyanuf's Assorted Antiques.
  7237 | D:7      | Bought a crystal battleaxe for 230 gold pieces
  7237 | D:7      | Identified the +9 battleaxe of a bazaar {drain, Fragile
                  | rC++ Int+5} (You bought it in a shop on level 7 of the
                  | Dungeon)
  7301 | D:7      | HP: 2/56 [acid (9)]
  7312 | D:7      | Reached XP level 9. HP: 32/61 MP: 15/17
  7321 | D:7      | Reached skill level 1 in Maces & Flails
  7420 | D:7      | Reached skill level 5 in Dodging
  7539 | D:7      | Reached skill level 1 in Axes
  7568 | D:7      | Slain by a wight

Illustrated notes

Levels and vault maps discovered:
D:1:      amcnicky_arrival_wind_blow, layout_basic, serial_shops, shop
D:2:      kennysheep_the_goblin_king, layout_basic, uniq_jessica
D:3:      layout_loops_corners, hellmonk_ecumenical_altar_defaced_shrine
D:4:      layout_rooms, minmay_puff
D:5:      layout_loops_ring, kennysheep_little_box, portal_sewer_entry_f,
          serial_shops, nicolae_shop_crystal
D:6:      layout_basic, enter_ossuary_4
D:7:      layout_gridville, minmay_temple_entry_statues, serial_shops,
          nicolae_shop_overgrown_old_shop, kennysheep_generic_room_15

Skill      XL: |  1  2  3  4  5  6  7  8  9 |
---------------+----------------------------+-----
Necromancy     | 5 6 7 |  7.4
Spellcasting   | 3 4 5 |  5.3
Armour         | 1 2 3 |  3.6
Fighting       | 1 2 |  2.3
Long Blades    | 1 5 |  5.3
Dodging        | 3 4 5 |  5.2
Maces & Flails | 1 |  1.9
Axes           | 1 |  1.2
Stealth        | |  3.9
Shields        | |  0.5
Evocations     | |  0.3

Action                     |  1- 3 |  4- 6 |  7- 9 || total
---------------------------+-------+-------+-------++-------
  Melee: Hand axe          |     8 |       |       ||     8
         Mace              |     7 |       |       ||     7
         Bite              |     2 |     2 |    58 ||    62
         Falchion          |    17 |    66 |   334 ||   417
         Punch             |     1 |       |     6 ||     7
         Morningstar       |       |       |    58 ||    58
         Battleaxe         |       |       |    15 ||    15
   Cast: Necrotise         |    51 |    94 |    47 ||   192
  Evoke: Wand              |       |     4 |       ||     4
    Use: Scroll            |     4 |     7 |     9 ||    20
         Potion            |     1 |     1 |     4 ||     6
   Stab: Sleeping          |     1 |       |       ||     1
 Armour: Robe              |    12 |       |       ||    12
         Ring mail         |    18 |    77 |   278 ||   373
  Dodge: Dodged            |    51 |   129 |   349 ||   529
  Block: Kite shield       |       |       |    48 ||    48

Table legend: (Time is in decaauts)
 A = Elapsed time spent in this place.
 B = Non-inter-level travel time spent in this place.
 C = Inter-level travel time spent in this place.
 D = Time resting spent in this place.
 E = Time spent auto-exploring this place.
 F = Levels seen in this place.
 G = Mean time per level.
                   A        B        C        D        E       F      G
               +--------+--------+--------+--------+--------+-----+--------+
         Total |   7840 |   7840 |      0 |    430 |      5 |   9 |  871.1 |
       Dungeon |   6515 |   6515 |      0 |    280 |      5 |   7 |  930.7 |
         Sewer |    519 |    519 |      0 |     46 |      0 |   1 |  519.0 |
       Ossuary |    804 |    804 |      0 |    104 |      0 |   1 |  804.0 |
               +--------+--------+--------+--------+--------+-----+--------+

Top non-repeatable levels by time:
     D:3: 1184 daAuts
     D:4: 1062 daAuts
     D:2: 1030 daAuts
     D:5: 978 daAuts
     D:1: 961 daAuts
 Ossuary: 804 daAuts
     D:7: 731 daAuts
     D:6: 567 daAuts
   Sewer: 519 daAuts
